 Dungeon Crawl Stone Soup version 0.31.0-12-g77e489cdc1 (webtiles) character file.

Game seed: 4707845184363788372

18 lordive the Grasshopper (level 2, 0/14 HPs)
             Began as a Spriggan Warper on Feb 29, 2024.
             Slain by a hobgoblin (4 damage)
             ... on level 1 of the Dungeon.
             The game lasted 00:00:38 (250 turns).

lordive the Grasshopper (Spriggan Warper)            Turns: 250, Time: 00:00:38

Health: 0/14       AC:  2    Str:  7    XL:     2   Next: 51%
Magic:  6/6        EV: 17    Int: 14    God:
Gold:   0          SH:  0    Dex: 14    Spells: 6/6 levels left

rFire   . . .        a - +0 short sword
rCold   . . .        (no shield)
rNeg    . . .        b - +0 robe
rPois   .            (helmet restricted)
rElec   .            (no cloak)
rCorr   .            (gloves unavailable)
SInv    +            (boots unavailable)
Will    .....        (no amulet)
Stlth   +            (no ring)
HPRegen 0.22/turn    (no ring)
MPRegen 0.10/turn

%: no passive effects
@: very quick
A: very small, no large weapons, unfitting armour, see invisible, speed 3
a: no special abilities


You were on level 1 of the Dungeon.
You visited 1 branch of the dungeon, and saw 1 of its levels.

Inventory:

Hand Weapons
 a - a +0 short sword (weapon)
Missiles
 d - 7 darts of dispersal (quivered)
Armour
 b - a +0 robe (worn)
Scrolls
 c - 4 scrolls of blinking
 e - 2 scrolls of identify {unknown}
 f - a scroll of noise {unknown}
Potions
 g - a potion of cancellation {unknown}


   Skills:
 + Level 1.5 Fighting
 + Level 3.0 Short Blades
 + Level 1.0 Throwing
 + Level 3.3 Dodging
 + Level 2.7 Spellcasting
 + Level 4.9 Translocations


You had 6 spell levels left.
You didn't know any spells.
Your spell library contained the following spells:

 Spells                   Type           Power      Damage    Failure   Level
 Blink                    Tloc           30%        N/A       4%          2
 Lesser Beckoning         Tloc           30%        N/A       4%          2
 Teleport Other           Tloc           15%        N/A       9%          3
 Manifold Assault         Tloc           15%        N/A       28%         4
 Vhi's Electric Charge    Tloc/Air       16%        N/A       63%         4


Dungeon Overview and Level Annotations

Branches:
Dungeon (1/15)

Altars:


Innate Abilities, Weirdness & Mutations

You are very small and have problems with some larger weapons.
You are too small for most types of armour.
You have supernaturally acute eyesight. (SInv)
You cover ground extremely quickly. (Speed+++)


Message History

No target in view!
No target in view!
You see here a bat corpse.
A hobgoblin and an endoplasm come into view.
The hobgoblin shouts!
The hobgoblin moves out of view.
The endoplasm moves out of view.
An endoplasm comes into view.
A hobgoblin comes into view.
There are monsters nearby!
There are monsters nearby!
The endoplasm quivers.
The hobgoblin shouts!
The endoplasm quivers.
You see here a bat corpse.
Okay, then.
The hobgoblin hits you.
You barely miss the hobgoblin. The hobgoblin closely misses you.
You hit the hobgoblin.
The hobgoblin is heavily wounded.
The hobgoblin hits you.
You hit the hobgoblin but do no damage.
The hobgoblin is heavily wounded.
You closely miss the hobgoblin.
The hobgoblin is heavily wounded.
The hobgoblin completely misses you.
You hit the hobgoblin but do no damage.
The hobgoblin is heavily wounded.
The hobgoblin hits you.
You hit the hobgoblin.
The hobgoblin is almost dead.
The hobgoblin hits you.
* * * LOW HITPOINT WARNING * * *
You hit the hobgoblin.
You kill the hobgoblin!
You hit the hobgoblin.
The hobgoblin is moderately wounded.
The hobgoblin misses you.
You barely miss the hobgoblin.
The hobgoblin is moderately wounded.
The hobgoblin hits you.
You die...

...............###
..........#......#####.#
.......................#
..........#.####.#####.
..####....).# #.#
..........#.# #.#
..#.###....... #†# .##.#
###..... #.# ###.# ##..
#@# . ##.#######.. #g#
... ##.†........
#J###g.... ....########
#J...J.... ###.#
#.#...J... ###.######
#.#..##### ...........
#.#.... ....#######
#.#.#### ##### #.#.#


You could see 2 endoplasms and a hobgoblin.

Vanquished Creatures
  A gnoll (D:1)
  An endoplasm (D:1)
  3 hobgoblins (D:1)
  2 ball pythons (D:1)
  A bat (D:1)
  2 rats (D:1)
10 creatures vanquished.

Notes
Turn   | Place    | Note
-------+----------+-------------------------------------------
     0 | D:1      | lordive the Spriggan Warper began the quest for the Orb.
     0 | D:1      | Reached XP level 1. HP: 10/10 MP: 5/5
    42 | D:1      | Reached XP level 2. HP: 4/14 MP: 6/6
   250 | D:1      | Slain by a hobgoblin

Illustrated notes

Levels and vault maps discovered:
D:1:      minmay_arrival_up_and_down, layout_loops_ring

Skill      XL: |  1  2 |
---------------+-------+-----
Short Blades   | 3 |  3.0
Fighting       | |  1.5
Throwing       | |  1.0
Dodging        | |  3.3
Spellcasting   | |  2.7
Translocations | |  4.9

Action                     || total
---------------------------++-------
  Melee: Short sword       ||    46
   Stab: Sleeping          ||     2
 Armour: Robe              ||    16
  Dodge: Dodged            ||    34
